 Dungeon Crawl Stone Soup version 0.29-a0-775-g4d7333d4e2 (webtiles) character file.

Game seed: 15209564307385950941

574 zeratav the Ruffian (level 7, 0/68 HPs)
             Began as a Troll Fighter on July 1, 2022.
             Slain by a bouda
             ... wielding a +0 club
              (7 damage)
             ... on level 4 of the Dungeon.
             The game lasted 00:04:14 (2743 turns).

zeratav the Ruffian (Troll Fighter)                 Turns: 2743, Time: 00:04:15

Health: 0/68       AC:  4    Str: 27    XL:     7   Next: 12%
Magic:  6/6        EV: 12    Int:  4    God:
Gold:   143        SH:  8    Dex:  9    Spells: 6/6 levels left

rFire   . . .      SeeInvis .     - Unarmed
rCold   . . .      Faith    .   b - +0 kite shield
rNeg    . . .      Spirit   .   a - +0 robe
rPois   .          Reflect  .   (helmet restricted)
rElec   .          Harm     .   (no cloak)
rCorr   .          Rampage  .   (gloves unavailable)
Will    .....                   (boots unavailable)
Stlth   +.........              (no amulet)
HPRegen 1.01/turn               k - +4 ring of evasion
MPRegen 0.10/turn               (no ring)

@: weakened
A: large, unfitting armour, claws 3, regeneration 1, shaggy fur 1, tough skin 1
a: no special abilities


You were on level 4 of the Dungeon.
You visited 1 branch of the dungeon, and saw 4 of its levels.

You collected 143 gold pieces.


Innate Abilities, Weirdness & Mutations

You are too large for most types of armour.
You have claws for hands.
Your natural rate of healing is unusually fast.
You are covered in fur. (AC +1)
You have tough skin. (AC +1)


   Skills:
 + Level 3.8 Fighting
 + Level 3.0 Throwing
 - Level 2.4 Dodging
 + Level 4.2 Shields
 + Level 4.6 Unarmed Combat


You had 6 spell levels left.
You didn't know any spells.
Your spell library contained the following spells:

 Spells                   Type           Power      Damage    Failure   Level
 Magic Dart               Conj           0%         1d3       78%         1
 Call Imp                 Summ           0%         N/A       89%         2
 Mephitic Cloud           Conj/Pois/Air  0%         N/A       98%         3
 Ozocubu's Armour         Ice            0%         N/A       98%         3
 Metabolic Englaciation   Hex/Ice        0%         N/A       100%        5
 Simulacrum               Ice/Necr       0%         N/A       100%        6

Inventory:

Hand Weapons
 e - a +0 mace {mace}
   (You found it on level 1 of the Dungeon)
Missiles
 t - 5 poisoned darts (quivered) {throwing}
Armour
 a - a +0 robe (worn)
 b - a +0 kite shield (worn)
Jewellery
 j - a ring of wizardry
   (You found it on level 2 of the Dungeon)
 k - a +4 ring of evasion (left claw)
   (You took it off a goblin on level 2 of the Dungeon)
 p - a ring of magical power
   (You found it on level 3 of the Dungeon)
Wands
 l - a wand of paralysis (12)
   (You found it on level 2 of the Dungeon)
 o - a wand of mindburst (10)
   (You found it on level 3 of the Dungeon)
 q - a wand of polymorph (6)
   (You took it off Ijyb on level 3 of the Dungeon)
 s - a wand of flame (6)
   (You took it off Grinder on level 3 of the Dungeon)
 u - a wand of digging (8)
   (You found it on level 3 of the Dungeon)
Scrolls
 h - 2 scrolls of enchant weapon {unknown}
 i - a scroll of brand weapon {unknown}
 m - a scroll of teleportation {unknown}
 n - a scroll of vulnerability {unknown}
Potions
 c - 2 potions of might
 d - 2 potions of mutation {unknown}
 f - 5 potions of haste {unknown}
 g - 2 potions of flight {unknown}
 r - a potion of brilliance {unknown}
 v - a potion of cancellation {unknown}
 w - a potion of heal wounds {unknown}

Dungeon Overview and Level Annotations

Branches:
Dungeon (4/15) Zot: 21242
 Temple: D:4-7

Altars:

Annotations:
D:4 Edmund

#. ...... .. .....
#.....# ... ....#
...(... #......##
.<..... .#..##...###
.......
.....##....##....#
...J...#.lg)g..####
#!..##J@@......#
#.....#........
...........#........
.........@.#........
..........##........
$.......#.........##
......###.......###
.....# .........
..... ......


You could see Edmund, a bouda, an iguana, a gnoll (swift) and an endoplasm.


Message History

The gnoll hits you with a +0 club.
HP[-3]
You take 3 damage, and now have 41/68 hp.
Edmund says, "What use are spells, anyway?"
HP[+1]
An endoplasm comes into view.
The bouda gazes fiercely through you!
You feel your attacks grow feeble. The gnoll hits you with a +0 club.
You block the gnoll's attack.
HP[-4]
You take 4 damage, and now have 38/68 hp.
The gnoll attacks as you move away! The gnoll hits you but does no damage.
The gnoll throws a throwing net.
The throwing net barely misses you.
HP[+1]
There is a stone staircase leading up here.
You see here a throwing net {=fthrowing}.
HP[+1]
You block the gnoll's attack.
You climb upwards.
There is a stone staircase leading down here.
HP[+3]
You regained 3 hp, and now have 43/68 hp.
You scratch the gnoll but do no damage.
Your attacks no longer feel as feeble.
You block the gnoll's attack.
HP[+1]
You claw the gnoll! The gnoll closely misses you.
HP[+1]
You claw the gnoll!
You kill the gnoll!
HP[+1]
Things that are here:
a +0 whip {mace}; a gnoll corpse; HP[+1]
You start resting.
HP[+21]
Your hp is fully restored (68).
Unknown command.
Unknown command.
There is a stone staircase leading down here.
You climb downwards.
Level annotation: Edmund The gnoll hits you with a +0 club. x2; You block the gnoll's attack.
The gnoll hits you with a +0 club.
There is a stone staircase leading up, spattered with blood here.
You see here a throwing net {=fthrowing}.
HP[-8]
You take 8 damage, and now have 60/68 hp.
You barely miss the gnoll. The gnoll closely misses you.
The gnoll hits you with a +0 club.
HP[-3]
You take 3 damage, and now have 57/68 hp.
You claw the gnoll!
You kill the gnoll!
An iguana comes into view.
The bouda barks out a call to the hunt!
The gnoll picks up the pace!
The gnoll hits you with a +0 club.
HP[-3]
You take 3 damage, and now have 54/68 hp.
You scratch the gnoll. Edmund completely misses you.
The gnoll hits you with a +0 club!
HP[-6]
You take 6 damage, and now have 48/68 hp.
You barely miss the gnoll. Edmund misses you. You block the bouda's attack.
The gnoll hits you with a +0 club. The bouda hits you with a +0 club.
Edmund hits you with a +1 flail of protection!
* * * LOW HITPOINT WARNING * * *
HP[-14]
You take 14 damage, and now have 34/68 hp.
MASSIVE DAMAGE!! (PAUSE)
You barely miss the gnoll. The gnoll hits you with a +0 club.
* * * LOW HITPOINT WARNING * * *
Edmund hits you with a +1 flail of protection.
* * * LOW HITPOINT WARNING * * *
The bouda barely misses you.
HP[-6]
You take 6 damage, and now have 28/68 hp.
You scratch the gnoll. You block the gnoll's attack. Edmund barely misses you.
The bouda hits you with a +0 club.
* * * LOW HITPOINT WARNING * * *
HP[-5]
You take 5 damage, and now have 23/68 hp.
You scratch the gnoll but do no damage. The gnoll hits you with a +0 club.
* * * LOW HITPOINT WARNING * * *
Edmund completely misses you. The bouda barely misses you.
HP[-2]
You take 2 damage, and now have 21/68 hp.
You barely miss the gnoll. The gnoll hits you with a +0 club.
* * * LOW HITPOINT WARNING * * *
You block the bouda's attack.
Edmund hits you with a +1 flail of protection!
* * * LOW HITPOINT WARNING * * *
HP[-12]
You take 12 damage, and now have 9/68 hp.
You barely miss the gnoll. The gnoll hits you with a +0 club.
* * * LOW HITPOINT WARNING * * *
The bouda gazes fiercely through you!
You feel your attacks grow feeble. The bouda hits you with a +0 club!
You die...

Skill      XL: |  1  2  3  4  5  6  7 |
---------------+----------------------+-----
Unarmed Combat | 3 4 |  4.6
Fighting       | 3 |  3.8
Throwing       | 2 3 |  3.0
Shields        | 3 4 |  4.2
Dodging        | |  2.4

Action                   |  1- 3 |  4- 6 |  7- 9 || total
-------------------------+-------+-------+-------++-------
Melee: Unarmed           |    77 |    81 |    69 ||   227
Armor: Robe              |    21 |    15 |    14 ||    50
Dodge: Dodged            |    19 |    17 |    30 ||    66
Block: Kite shield       |    26 |    31 |    33 ||    90

Levels and vault maps discovered:
D:1:      lemuel_arrival_funnel, layout_loops_cross
D:2:      layout_loops_cross, kennysheep_crisscross, uniq_sigmund
D:3:      layout_basic, shapermc_ecumenical_altar_flowoftime,
          kennysheep_generic_room_3, uniq_jessica, uniq_grinder, uniq_ijyb
D:4:      layout_cave_pools, uniq_edmund

Notes
Turn   | Place    | Note
-------+----------+-------------------------------------------
     0 | D:1      | zeratav the Troll Fighter began the quest for the Orb.
     0 | D:1      | Reached XP level 1. HP: 22/22 MP: 0/0
     0 | D:1      | magus.rc [v1.9.6]
   258 | D:1      | Reached XP level 2. HP: 29/29 MP: 1/1
   348 | D:1      | Reached skill level 3 in Unarmed Combat
   689 | D:1      | You pick up a book of Winter and begin reading...
   689 | D:1      | You add the spells Ozocubu's Armour, Metabolic Englaciation
                  | and Simulacrum to your library.
   954 | D:2      | Noticed Sigmund
  1016 | D:2      | Reached XP level 3. HP: 34/36 MP: 2/2
  1155 | D:2      | Killed Sigmund
  1156 | D:2      | Reached skill level 3 in Fighting
  1156 | D:2      | Reached skill level 2 in Throwing
  1156 | D:2      | Reached skill level 3 in Shields
  1156 | D:2      | Reached XP level 4. HP: 31/45 MP: 3/3
  1156 | D:2      | Reached XP level 5. HP: 37/53 MP: 4/4
  1332 | D:2      | Reached skill level 4 in Unarmed Combat
  1433 | D:2      | Reached XP level 6. HP: 61/61 MP: 5/5
  1475 | D:2      | You pick up a book of Minor Magic and begin reading...
  1475 | D:2      | You add the spells Magic Dart, Call Imp and Mephitic Cloud
                  | to your library.
  2045 | D:3      | Noticed Ijyb
  2049 | D:3      | Killed Ijyb
  2171 | D:3      | Noticed Grinder
  2172 | D:3      | Paralysed by Grinder for 2 turns
  2185 | D:3      | Killed Grinder
  2186 | D:3      | Reached skill level 4 in Shields
  2249 | D:3      | Reached XP level 7. HP: 68/68 MP: 6/6
  2321 | D:3      | Found a faded altar of an unknown god.
  2545 | D:3      | Noticed Jessica
  2546 | D:3      | Killed Jessica
  2547 | D:3      | Reached skill level 3 in Throwing
  2693 | D:4      | Noticed Edmund
  2742 | D:4      | HP: 9/68 [Edmund/+1 flail of protection (11)]
  2743 | D:4      | Slain by a bouda

Vanquished Creatures
  Grinder (D:3)
  Sigmund (D:2)
  Jessica (D:3)
  Ijyb (D:3)
  6 gnolls
  5 adders
  A worm (D:2)
  A dart slug (D:2)
  An orc (D:3)
  5 bats
  9 endoplasms
  A giant cockroach (D:2)
  6 goblins
  7 hobgoblins
  8 kobolds
  A quokka (D:1)
  8 ball pythons
  2 frilled lizards
  6 rats
71 creatures vanquished.

Vanquished Creatures (others)
  3 plants (D:3)
  3 withered plants (D:3)
6 creatures vanquished.

Grand Total: 77 creatures vanquished

Table legend:
 A = Non-vault XP
 B = Vault XP
 C = Vault XP percentage of total XP
 D = Non-vault monster count
 E = Vault monster count
 F = Vault count percentage of total count
                 A         B        C        D         E       F
            +---------+---------+-------+---------+---------+-------
      Total |     248 |     572 |  69.8 |      66 |       5 |   7.0
            +---------+---------+-------+---------+---------+-------
        D:1 |      34 |       0 |   0.0 |      21 |       0 |   0.0
        D:2 |     135 |     231 |  63.1 |      27 |       1 |   3.6
        D:3 |      65 |     341 |  84.0 |      17 |       4 |  19.0
        D:4 |      14 |       0 |   0.0 |       1 |       0 |   0.0
            +---------+---------+-------+---------+---------+-------

Illustrated notes

Table legend:
 A = Kills in this place as a percentage of kills in entire the game.
 B = Kills by you in this place as a percentage of kills by you in the entire game.
 C = Kills by friends in this place as a percentage of kills by friends in the entire game.
 D = Other kills in this place as a percentage of other kills in the entire game.
 E = Experience gained in this place as a percentage of experience gained in the entire game.
 F = Experience gained in this place divided by the number of levels of this place that you have seen.
                   A       B       C       D       E      F
               +-------+-------+-------+-------+-------+----------------------
         Total | 100.0 | 100.0 |   N/A |   N/A | 100.0 | 205.0
       Dungeon | 100.0 | 100.0 |   N/A |   N/A | 100.0 | 205.0
               +-------+-------+-------+-------+-------+----------------------

Table legend: (Time is in decaauts)
 A = Elapsed time spent in this place.
 B = Non-inter-level travel time spent in this place.
 C = Inter-level travel time spent in this place.
 D = Time resting spent in this place.
 E = Time spent auto-exploring this place.
 F = Levels seen in this place.
 G = Mean time per level.
                   A        B        C        D        E       F      G
               +--------+--------+--------+--------+--------+-----+--------+
         Total |   2756 |   2563 |    193 |    154 |   1886 |   4 |  689.0 |
       Dungeon |   2756 |   2563 |    193 |    154 |   1886 |   4 |  689.0 |
               +--------+--------+--------+--------+--------+-----+--------+

Top non-repeatable levels by time:
     D:1: 1003 daAuts
     D:2: 896 daAuts
     D:3: 829 daAuts
     D:4: 27 daAuts
